 Dungeon Crawl Stone Soup version 0.20.1-1-g8b1a95d (webtiles) character file.

58 smedtjen the Skirmisher (level 3, -1/30 HPs)
             Began as a Demonspawn Abyssal Knight on Nov 8, 2017.
             Was a Follower of Lugonu.
             Slain by a gnoll
             ... wielding a +0 spear
              (9 damage)
             ... on level 2 of the Dungeon.
             The game lasted 00:02:35 (1391 turns).

smedtjen the Skirmisher (Demonspawn Abyssal Knight) Turns: 1391, Time: 00:02:36

Health: -1/30      AC:  3    Str: 13    XL:     3   Next: 75%
Magic:  4/4        EV: 13    Int: 13    God:    Lugonu [*.....]
Gold:   148        SH:  0    Dex: 12    Spells: 2/2 levels left

rFire    . . .     SeeInvis .   a - +1 spear
rCold    . . .     Gourm    .   (no shield)
rNeg     . . .     Faith    .   b - +0 leather armour
rPois    .         Spirit   .   (no helmet)
rElec    .         Reflect  .   (no cloak)
rCorr    .         Harm     .   (no gloves)
MR       .....                  (no boots)
Stlth    ++........             (no amulet)
Regen    0.1/turn               (no ring)
MPRegen  0.1/turn               (no ring)

@: no status effects
A: repulsion field 1, nightstalker 1
a: Depart the Abyss, Renounce Religion


You were on level 2 of the Dungeon.
You worshipped Lugonu.
Lugonu was aware of your devotion.
You were not hungry.

You visited 1 branch of the dungeon, and saw 2 of its levels.
You visited the Abyss 1 time.

You collected 148 gold pieces.

Inventory:

Hand Weapons
 a - a +1 spear (weapon)
Missiles
 j - 40 sling bullets
Armour
 b - a +0 leather armour (worn)
Scrolls
 e - a scroll of remove curse {unknown}
 f - a scroll of identify {unknown}
 h - a scroll of random uselessness {unknown}
 l - a scroll of enchant weapon {unknown}
Potions
 d - a potion of heal wounds {unknown}
 g - a potion of haste {unknown}
 i - 3 potions of curing {unknown}
 k - a potion of flight {unknown}
 n - a potion of magic {unknown}
Comestibles
 c - a chunk of flesh


   Skills:
 + Level 3.7 Fighting
 + Level 2.3 Polearms
 + Level 2.3 Armour
 + Level 0.8 Dodging
 + Level 1.0 Stealth
 + Level 2.5 Invocations


You had 2 spell levels left.
You didn't know any spells.

Dungeon Overview and Level Annotations

Branches:
Dungeon (2/15)

Altars:


Innate Abilities, Weirdness & Mutations

You are surrounded by a mild repulsion field. (EV +2)
You are slightly more attuned to the shadows.


Message History

The gnoll is moderately wounded.
The gnoll hits you but does no damage.
You hit the gnoll.
The gnoll is severely wounded.
The gnoll barely misses you.
You hit the gnoll.
The gnoll is almost dead.
The gnoll barely misses you.
You hit the gnoll.
The gnoll is almost dead.
The kobold throws a stone.
The stone closely misses you. The gnoll barely misses you.
The gnoll hits you from afar with a spear!
* * * LOW HITPOINT WARNING * * *
You hit the gnoll.
You kill the gnoll!
Lugonu accepts your kill.
Your Stealth skill increases to level 1!
The gnoll hits you from afar with a spear!
You die...

.........##...?.....
.........+#.....8..+#
.........##..>......##
.........##.....8.....
.........##...........
#####>...<##..8g....gg
#.#.#####..g#######
#............?.....
#.#.########@######
#.#.# #...<.....K.
###+#'####.#).....###
............+.........
............#........#
.........####........#
.........# ........###
.......(.##.#......#
...................#


You could see 2 gnolls and a kobold.

Vanquished Creatures
  2 gnolls (D:2)
  2 adders (D:2)
  An ooze (D:1)
  A dart slug (D:1)
  A giant cockroach (D:1)
  A goblin (D:2)
  A hobgoblin (D:2)
  2 ball pythons (D:1)
  2 bats
  A frilled lizard (D:2)
  3 kobolds (D:1)
  A rat (D:1)
18 creatures vanquished.

Notes
Turn   | Place    | Note
-------+----------+-------------------------------------------
     0 | Abyss:1  | smedtjen the Demonspawn Abyssal Knight began the quest for the Orb.
     0 | Abyss:1  | Reached XP level 1. HP: 18/18 MP: 2/2
     2 | Abyss:1  | Found a corrupted altar of Lugonu.
    46 | Abyss:1  | Noticed a raiju
    46 | D:1      | Escaped the Abyss
   201 | D:1      | Reached * piety under Lugonu
   636 | D:1      | Gained mutation: You are surrounded by a mild repulsion field. (EV +2) [demonic ancestry]
   636 | D:1      | Reached XP level 2. HP: 16/24 MP: 3/3
  1077 | D:2      | Gained mutation: You are slightly more attuned to the shadows. [demonic ancestry]
  1077 | D:2      | Reached XP level 3. HP: 12/29 MP: 4/4
  1391 | D:2      | Reached skill level 1 in Stealth
  1391 | D:2      | Slain by a gnoll

Skill      XL: |  1  2  3 |
---------------+----------+-----
Armour         | 2 |  2.3
Polearms       | 2 |  2.3
Stealth        | 1 |  1.0
Fighting       | |  3.7
Dodging        | |  0.8
Invocations    | |  2.5

Action                   || total
-------------------------++-------
Melee: Spear             ||    66
Invok: Depart the Abyss  ||     1
 Stab: Sleeping          ||     2
  Eat: Bread ration      ||     1
       Fruit             ||     1
Armor: Leather armour    ||    11
Dodge: Dodged            ||    43
